 Dungeon Crawl Stone Soup version 0.31-a0-202-g547052bce9 (webtiles) character file.

Game seed: 9781069143379062565

130 qw the Skirmisher (level 4, -5/25 HPs)
             Began as a Deep Elf Hunter on June 26, 2023.
             Slain by a gnoll
             ... wielding a +0 whip
              (8 damage)
             ... on level 3 of the Dungeon.
             The game lasted 00:00:32 (1281 turns).

qw the Skirmisher (Deep Elf Hunter)                 Turns: 1281, Time: 00:00:33

Health: -5/25      AC:  6    Str: 10    XL:     4   Next: 89%
Magic:  6/6        EV: 11    Int: 14    God:
Gold:   79         SH:  0    Dex: 18    Spells: 3/3 levels left

rFire   . . .        Y - +1 shortbow
rCold   . . .        (shield currently unavailable)
rNeg    . . .        m - +0 ring mail
rPois   +            h - +0 helmet
rElec   .            (no cloak)
rCorr   .            (no gloves)
SInv    .            (no boots)
Will    .....        (no amulet)
Stlth   +            d - +4 ring of slaying {mikee}
HPRegen 0.24/turn    j - ring of poison resistance
MPRegen 0.10/turn

%: no passive effects
@: no status effects
A: no striking features
a: no special abilities


You were on level 3 of the Dungeon.
You visited 1 branch of the dungeon, and saw 3 of its levels.

You collected 79 gold pieces.


   Skills:
 - Level 1.5 Fighting
 + Level 8.3 Ranged Weapons
 - Level 2.4 Dodging
 - Level 1.2 Stealth


You had 3 spell levels left.
You didn't know any spells.
Your spell library was empty.

Inventory:

Hand Weapons
 Y - a +1 shortbow (weapon)
Armour
 h - a +0 helmet (worn)
 m - a +0 ring mail (worn)
Jewellery
 d - a +4 ring of slaying (left hand) {mikee}
 j - a ring of poison resistance (right hand)
Scrolls
 a - a scroll of identify
Potions
 e - a potion of might
 f - a potion of magic {unknown}

Dungeon Overview and Level Annotations

Branches:
Dungeon (3/15)

Altars:

Annotations:
D:3 Natasha


Message History

A gnoll comes into view. It is wielding a +0 whip.
The adder moves out of view.
You hear an angry hiss.
You hear a shout!
You shoot an arrow. The arrow completely misses the gnoll.
You hear a shout!
You hear an angry hiss.
A gnoll comes into view. It is wielding a +0 whip.
A hobgoblin comes into view.
You shoot an arrow. The arrow hits the gnoll.
The gnoll is heavily wounded.
You hear a shout!
A gnoll comes into view. It is wielding a +0 whip.
You shoot an arrow. The arrow hits the gnoll.
The gnoll is heavily wounded.
You shoot an arrow. The arrow hits the gnoll.
The gnoll is almost dead.
A kobold comes into view. It is wielding a +0 dagger.
The gnoll hits you with a +0 flail.
Natasha, Servant of Life and Death comes into view.
You shoot an arrow. The arrow barely misses the gnoll.
The kobold shouts!
The gnoll hits you but does no damage. The gnoll closely misses you.
Natasha mumbles some strange words.
You shoot an arrow. The arrow hits the gnoll!
You kill the gnoll!
The gnoll hits you with a +0 whip.
Natasha drinks a potion.
Natasha flickers and vanishes!
Deactivating autopickup; reactivate with Ctrl-A.
The adder bites you but does no damage.
You shoot an arrow. The arrow hits the gnoll.
The gnoll is severely wounded.
The adder bites you. The gnoll hits you with a +0 whip.
The hobgoblin barely misses you. The gnoll closely misses you.
The adder barely misses you.
You shoot an arrow. The arrow closely misses the gnoll.
The adder misses you. The gnoll hits you with a +0 whip.
The hobgoblin hits you. The gnoll closely misses you.
You shoot an arrow. The arrow hits the gnoll!
You kill the gnoll!
The adder bites you. The gnoll hits you with a +0 whip!
You die...

#.....#.# #.....#.#
#.....#.# ........#
........# ........#
.5...Kg)#############
...{.5g@............#
......S############.#
$...... #.# ##.....
#.# #..... #.# #.....
#.# #..... #.# #.....
#.# #.#


You could see a gnoll, 2 cerulean imps, an adder, a hobgoblin and a kobold.

Vanquished Creatures
  Robin (D:2)
  5 gnolls
  2 adders (D:2)
  2 worms (D:2)
  2 dart slugs (D:1)
  3 orcs (D:3)
  6 ball pythons
  2 bats (D:2)
  2 endoplasms (D:2)
  16 goblins
  2 hobgoblins
  4 kobolds
  2 frilled lizards
  4 rats (D:1)
53 creatures vanquished.

Notes
Turn   | Place    | Note
-------+----------+-------------------------------------------
     0 | D:1      | qw the Deep Elf Hunter began the quest for the Orb.
     0 | D:1      | Reached XP level 1. HP: 12/12 MP: 3/3
     0 | D:1      | 0 ||| qw: Version: 0.3-a-22-g0ed2b0b
     0 | D:1      | 0 ||| qw: Game counter: 6180
     0 | D:1      | 0 ||| qw: Melee chars always use a shield: true
     0 | D:1      | 0 ||| qw: God list: Okawaru
     0 | D:1      | 0 ||| qw: Allow faded altars: false
     0 | D:1      | 0 ||| qw: Do Orc after clearing Dungeon:15 true
     0 | D:1      | 0 ||| qw: Do second Lair branch before Depths: true
     0 | D:1      | 0 ||| qw: Lair rune preference: random
     0 | D:1      | 0 ||| qw: Goals: Normal
     0 | D:1      | 0 ||| PLANNING D:1-11
    22 | D:1      | 22 ||| DROPPING scroll of butterflies.
   122 | D:1      | Reached skill level 6 in Ranged Weapons
   122 | D:1      | Reached XP level 2. HP: 16/16 MP: 4/4
   571 | D:1      | 571 ||| UPGRADING to +4 ring of slaying {mikee}.
   572 | D:1      | 572 ||| READING 2 scrolls labelled OFOHEO GYAHAGG.
   573 | D:1      | 573 ||| READING scroll labelled YREZUCZ ECUIC.
   574 | D:1      | 574 ||| READING scroll labelled HEIZAL NUNNYN.
   575 | D:1      | 575 ||| DRINKING 2 murky dark potions.
   689 | D:2      | Noticed Robin
   691 | D:2      | Reached XP level 3. HP: 20/20 MP: 5/5
   705 | D:2      | Killed Robin
   706 | D:2      | Reached skill level 7 in Ranged Weapons
   751 | D:2      | Reached XP level 4. HP: 25/25 MP: 6/6
   753 | D:2      | 753 ||| FLEEEEING.
   754 | D:2      | 754 ||| FLEEEEING.
   755 | D:2      | 755 ||| FLEEEEING.
   756 | D:2      | 756 ||| FLEEEEING.
   757 | D:2      | 757 ||| FLEEEEING.
   758 | D:2      | 758 ||| FLEEEEING.
   759 | D:2      | 759 ||| FLEEEEING.
   760 | D:2      | 760 ||| FLEEEEING.
   761 | D:2      | 761 ||| FLEEEEING.
   762 | D:2      | 762 ||| FLEEEEING.
   763 | D:2      | 763 ||| FLEEEEING.
   764 | D:2      | 764 ||| FLEEEEING.
   765 | D:2      | 765 ||| FLEEEEING.
   766 | D:2      | 766 ||| FLEEEEING.
   767 | D:2      | 767 ||| FLEEEEING.
   768 | D:2      | 768 ||| FLEEEEING.
   859 | D:2      | Found a faded altar of an unknown god.
   944 | D:2      | Reached skill level 8 in Ranged Weapons
  1169 | D:2      | 1169 ||| UPGRADING to +0 helmet.
  1174 | D:2      | 1174 ||| UPGRADING to +0 scale mail.
  1184 | D:2      | 1184 ||| DROPPING +0 leather armour.
  1185 | D:2      | 1185 ||| UPGRADING to +0 ring mail.
  1195 | D:2      | 1195 ||| DROPPING +0 scale mail.
  1196 | D:2      | 1196 ||| UPGRADING to ring of poison resistance.
  1197 | D:2      | 1197 ||| READING 2 scrolls labelled FUN OSITEONOBI.
  1198 | D:2      | 1198 ||| READING scroll labelled HACLUG QOPTUS.
  1199 | D:2      | 1199 ||| READING scroll labelled ADAUXI NEXERON.
  1200 | D:2      | 1200 ||| READING 2 scrolls of identify.
  1200 | D:2      | 1200 ||| IDENTIFYING fizzy coppery potion
  1201 | D:2      | 1201 ||| DROPPING potion of attraction.
  1202 | D:2      | 1202 ||| DROPPING scroll of fear.
  1276 | D:3      | Noticed Natasha
  1280 | D:3      | HP: 6/25 [hobgoblin (3)]
  1281 | D:3      | Slain by a gnoll

Levels and vault maps discovered:
D:1:      reono_arrival_forest_river, layout_loops_cross, serial_bayou_pond_c
D:2:      layout_basic, nicolae_ecumenical_snake_handling, uniq_robin
D:3:      layout_basic, mainiacjoe_overflow_alcove_2,
          minmay_fractal_squares_gapless_5, uniq_natasha

Skill      XL: |  1  2  3  4 |
---------------+-------------+-----
Ranged Weapons | 6 7 8 |  8.3
Fighting       | |  1.5
Dodging        | |  2.4
Stealth        | |  1.2

Action                     |  1- 3 |  4- 6 || total
---------------------------+-------+-------++-------
   Fire: Shortbow          |    70 |    37 ||   107
    Use: Scroll            |     3 |     4 ||     7
         Potion            |     1 |       ||     1
 Armour: Leather armour    |     6 |       ||     6
         Ring mail         |       |     2 ||     2
  Dodge: Dodged            |     5 |     8 ||    13

Table legend:
 A = Non-vault XP
 B = Vault XP
 C = Vault XP percentage of total XP
 D = Non-vault monster count
 E = Vault monster count
 F = Vault count percentage of total count
                 A         B        C        D         E       F
            +---------+---------+-------+---------+---------+-------
      Total |     158 |      42 |  21.0 |      36 |      17 |  32.1
            +---------+---------+-------+---------+---------+-------
        D:1 |      30 |       0 |   0.0 |      16 |       0 |   0.0
        D:2 |      92 |      42 |  31.3 |      15 |      17 |  53.1
        D:3 |      36 |       0 |   0.0 |       5 |       0 |   0.0
            +---------+---------+-------+---------+---------+-------
